 Dungeon Crawl Stone Soup version 0.31.0-32-g396128a36d (webtiles) character file.

Game seed: 5753809893686514375

112 concernfroge the Trooper (level 4, -6/67 HPs)
             Began as a Minotaur Berserker on Apr 16, 2024.
             Was a Believer of Trog.
             Mangled by Sigmund
             ... wielding a +4 heavy scythe
              (18 damage)
             ... on level 2 of the Dungeon.
             The game lasted 00:03:02 (1232 turns).

concernfroge the Trooper (Minotaur Berserker)       Turns: 1232, Time: 00:03:03

Health: -6/67      AC:  2    Str: 23    XL:     4   Next: 63%
Magic:  3/3        EV: 12    Int:  4    God:    Trog [**....]
Gold:   102        SH:  0    Dex: 12    Spells: 3/3 levels left

rFire   . . .        a - +0 hand axe
rCold   . . .        (no shield)
rNeg    . . .        i - +0 robe of Sif Muna's Reproof {Rampage rCorr Dex+2}
rPois   .            (helmet restricted)
rElec   .            (no cloak)
rCorr   +            (no gloves)
SInv    .            (no boots)
Will    .....        (no amulet) Stlth
                     (no ring)
HPRegen 0.31/turn    (no ring)
MPRegen 0.08/turn

%: rampage
@: berserking (expiring), very quick
A: horns 2, retaliatory headbutt
a: Renounce Religion, Berserk, Trog's Hand


You were on level 2 of the Dungeon.
You worshipped Trog.
Trog was pleased with you.
You visited 1 branch of the dungeon, and saw 2 of its levels.

You collected 102 gold pieces.

Inventory:

Hand Weapons
 a - a +0 hand axe (weapon)
Armour
 h - a +0 ring mail
 i - the +0 robe of Sif Muna's Reproof (worn) {Rampage rCorr Dex+2}
   (You found it on level 2 of the Dungeon)

   Dex+2:     It affects your dexterity (+2).
   rCorr:     It protects you from acid and corrosion.
   Rampage:   It bestows one free step when moving towards enemies.
Scrolls
 c - a scroll of enchant weapon {unknown}
 d - 3 scrolls of enchant armour {unknown}
 e - 3 scrolls of identify {unknown}
Potions
 b - a potion of brilliance {unknown}
 f - a potion of berserk rage {unknown}
 g - a potion of haste {unknown}
 j - a potion of magic {unknown}


   Skills:
 + Level 6.6 Fighting
 - Level 3.6 Axes
 - Level 2.4 Armour
 - Level 2.1 Dodging


You had 3 spell levels left.
You didn't know any spells.
Your spell library was empty.

Dungeon Overview and Level Annotations

Branches:
Dungeon (2/15)

Altars:

Shops:
D:1 :

Annotations:
D:2 Sigmund


Innate Abilities, Weirdness & Mutations

You have a pair of horns on your head.
You reflexively headbutt those who attack you in melee.


Message History

The orc is lightly wounded.
Sigmund gestures wildly while chanting.
Sigmund flickers and vanishes!
Deactivating autopickup; reactivate with Ctrl-A.
The orc hits you with a +0 mace.
You closely miss the orc. Your headbutt misses the orc.
The orc is lightly wounded.
The orc hits you but does no damage.
You barely miss the orc.
The orc is lightly wounded.
The orc closely misses you.
You hit the orc.
You kill the orc!
Trog accepts your kill.
The orc priest mumbles some strange prayers to Beogh against you.
Beogh smites you!
You are too injured to fight recklessly!
A red film seems to cover your vision as you go berserk!
You feel yourself moving faster!
You feel mighty!
The orc priest casts a cantrip, but nothing happens.
You are too injured to fight recklessly!
You slash the orc priest!
The orc priest is heavily wounded.
You hit the orc priest.
The orc priest is almost dead.
The orc priest barely misses you. You furiously retaliate!
You headbutt the orc priest!
You kill the orc priest!
Trog accepts your kill.
You closely miss the orc. The orc closely misses you. You furiously retaliate!
You headbutt the orc!
You kill the orc!
Trog accepts your kill. Something hits you!!
* * * LOW HITPOINT WARNING * * *
Items here: )))) [[ †††.
You slash something! You barely miss something. You slash something!
Your headbutt misses something. Something hits you!!
You die...

.. .#### ..... ...
... #.# .. ..#{# .
..#@# .. ..#.#
#.##.#)# ##.##.#.#
.....#.#
#.#..#.###### ..
#.#....$.....# ..
#####...#........#
..#................#


There were no monsters in sight!

Vanquished Creatures
  An orc priest (D:2)
  4 gnolls (D:2)
  A dart slug (D:2)
  4 orcs (D:2)
  3 endoplasms (D:2)
  4 giant cockroaches (D:1)
  2 goblins
  2 hobgoblins
  5 kobolds (D:1)
  A quokka (D:2)
  2 ball pythons (D:1)
  A frilled lizard (D:2)
  7 rats
37 creatures vanquished.

Notes
Turn   | Place    | Note
-------+----------+-------------------------------------------
     0 | D:1      | concernfroge the Minotaur Berserker began the quest for the
                  | Orb.
     0 | D:1      | Reached XP level 1. HP: 19/19 MP: 0/0
   103 | D:1      | Reached skill level 4 in Fighting
   224 | D:1      | Reached XP level 2. HP: 28/28 MP: 1/1
   351 | D:1      | Found Geig's Book Boutique.
   931 | D:2      | Identified the +0 robe of Sif Muna's Reproof {Rampage rCorr
                  | Dex+2}
   953 | D:2      | Reached skill level 5 in Fighting
   957 | D:2      | Reached ** piety under Trog
   970 | D:2      | Reached XP level 3. HP: 22/36 MP: 2/2
   982 | D:2      | Reached skill level 6 in Fighting
   982 | D:2      | Reached XP level 4. HP: 4/44 MP: 3/3
  1210 | D:2      | Noticed Sigmund
  1232 | D:2      | Mangled by Sigmund

Illustrated notes

Levels and vault maps discovered:
D:1:      dpeg_arrival_prison, layout_loops_ring, serial_shops,
          nicolae_shop_trees, minivault_19, kennysheep_small_spiral
D:2:      layout_basic, minmay_cut_off, uniq_sigmund, uniq_crazy_yiuf_cottage

Skill      XL: |  1  2  3 |
---------------+----------+-----
Fighting       | 4 5 6 |  6.6
Axes           | |  3.6
Armour         | |  2.4
Dodging        | |  2.1

Action                     |  1- 3 |  4- 6 || total
---------------------------+-------+-------++-------
  Melee: Hand axe          |    54 |    26 ||    80
         Headbutt          |    11 |     2 ||    13
 Invoke: Berserk           |     1 |     1 ||     2
   Stab: Sleeping          |     1 |       ||     1
 Armour: Animal skin       |    15 |       ||    15
         Robe              |    10 |    13 ||    23
  Dodge: Dodged            |    30 |     9 ||    39
